Panthers vs MapleLeafs

Created - 5 janvier 2021 at 21:56

Goals
1 2 3 T
Panthers 2 1 2 5
MapleLeafs 0 1 1 2
Shots
1 2 3 T
Panthers 9 9 8 26
MapleLeafs 11 4 14 29

1st period

1. Panthers , Dylan Larkin 12 (Matthew Tkachuk 15, Alex Ovechkin 14) at 13:37
2. Panthers , Alex Ovechkin 20 (Dylan Larkin 18, Colton Parayko 21) at 18:14

Penalties :
Ondrej Palat (TOR) for Tripping (Minor) at 1:42, Alex Ovechkin (FLA) for Slashing (Minor) at 5:39, Charlie McAvoy (FLA) for Holding (Minor) at 9:16, Samuel Girard (FLA) for Hooking (Minor) at 15:54

2nd period

3. Panthers , Joel Armia 7 (Jean-Gabriel Pageau 7, Pierre-Luc Dubois 9) at 9:19
4. MapleLeafs , Sebastian Aho 18 (Dustin Brown 15, Ryan Murray 13) at 10:32

Penalties :
Alex Ovechkin (FLA) for Cross-checking (Minor) at 0:14

3rd period

5. Panthers , Matthew Tkachuk 13 (Quinn Hughes 32, Alex Ovechkin 15) at 1:27
6. MapleLeafs , Roope Hintz 6 (Ryan Murray 14) at 10:10
7. Panthers , Matthew Tkachuk 14 (Alex Ovechkin 16, Zdeno Chara 10) at 14:31

Penalties :
Charlie McAvoy (FLA) for Goalie Interference (Minor) at 5:30, Colton Parayko (FLA) for Hooking (Minor) at 7:46, Kyle Okposo (TOR) for Hooking (Minor) at 19:22, Alex Ovechkin (FLA) for Slashing (Minor) at 19:22

Goalie Stats

Corey Crawford (FLA), 27 saves from 29 shots - (0,931), W, 31-1-1, 60:00 minutes
Braden Holtby (TOR), 15 saves from 19 shots - (0,789), L, 10-8-4, 41:27 minutes
Jimmy Howard (TOR), 6 saves from 7 shots - (0,857), 18:33 minutes

Players Stats for Panthers

Player Name              G  A  P  +/- PIM S  H  SB GA TA FO     MP     PP MP  PK MP  
------------------------------------------------------------------------------------
Aleksander Barkov        0  0  0  -2  0   2  0  0  0  0  11/19  17:18   1:06   1:15 
Alex Ovechkin            1  3  4   4  6   3  0  0  0  0  1/1    15:39   0:53   0:17 
Charlie McAvoy           0  0  0   2  4   0  0  0  0  0  0/0    16:24   0:00   4:04 
Colton Parayko           0  1  1   1  2   1  4  1  0  0  0/0    19:09   0:53   1:46 
Derek Grant              0  0  0   0  0   0  1  0  0  0  7/17   11:38   0:00   6:25 
Dylan Larkin             1  1  2   4  0   5  0  1  0  0  14/22  16:02   0:53   0:00 
Jean-Gabriel Pageau      0  1  1   1  0   0  1  0  0  0  10/17  15:37   0:00   4:24 
Jeff Petry               0  0  0   0  0   1  5  3  0  0  0/0    24:09   1:06   5:49 
Joel Armia               1  0  1   1  0   2  1  0  0  0  0/0    15:37   0:00   4:24 
Jonathan Huberdeau       0  0  0  -2  0   1  0  1  0  0  0/1    15:58   1:06   0:20 
Matt Calvert             0  0  0   0  0   0  1  0  0  0  0/0     5:13   0:00   0:00 
Matthew Tkachuk          2  1  3   4  0   5  0  1  0  0  1/1    15:38   1:06   0:00 
Nikita Kucherov          0  0  0  -2  0   2  2  1  0  0  0/0    15:37   0:53   0:00 
Oskar Sundqvist          0  0  0   0  0   0  0  0  0  0  0/0    11:56   0:00   6:43 
Pierre-Luc Dubois        0  1  1   1  0   1  1  0  0  0  0/2    11:13   0:00   0:00 
Quinn Hughes             0  1  1   0  0   1  0  1  0  0  0/0    24:24   1:06   6:04 
Samuel Girard            0  0  0   1  2   1  0  0  0  0  0/0    17:23   0:53   0:00 
Zdeno Chara              0  1  1   2  0   1  3  1  0  0  0/0    18:27   0:00   6:05 

Players Stats for MapleLeafs

Player Name              G  A  P  +/- PIM S  H  SB GA TA FO     MP     PP MP  PK MP  
------------------------------------------------------------------------------------
Anton Stralman           0  0  0   0  0   2  1  1  0  0  0/0    24:38   6:20   1:04 
Cody Ceci                0  0  0   0  0   2  5  1  0  0  0/0    24:38   6:20   1:04 
Dustin Brown             0  1  1   0  0   3  3  1  0  0  1/1    22:09   6:06   0:00 
Jack Hughes              0  0  0  -2  0   0  0  0  0  0  0/1    11:56   0:00   0:18 
Jay Beagle               0  0  0  -2  0   0  2  0  0  0  5/13   13:05   0:25   1:02 
Jesper Bratt             0  0  0  -2  0   4  0  0  0  0  0/1    12:12   0:00   0:34 
Joel Edmundson           0  0  0  -2  0   1  0  2  0  0  0/0    22:28   5:34   0:53 
Kyle Okposo              0  0  0  -1  2   1  3  0  0  0  1/2    16:58   5:23   0:00 
Leo Komarov              0  0  0   0  0   1  1  0  0  0  0/0     6:13   0:00   0:00 
Matt Duchene             0  0  0  -1  0   1  0  0  0  0  6/18   18:03   5:48   0:39 
Mike Matheson            0  0  0  -2  0   2  0  1  0  0  0/0    22:28   5:34   0:53 
Ondrej Palat             0  0  0  -1  2   4  3  0  0  0  0/2    18:00   5:48   0:00 
Radko Gudas              0  0  0  -1  0   0  2  1  0  0  0/0    12:54   0:00   0:02 
Roope Hintz              1  0  1   0  0   2  0  0  0  0  5/10    6:13   0:00   0:00 
Ryan Murray              0  2  2  -1  0   0  0  0  0  0  0/0    12:54   0:00   0:02 
Samuel Blais             0  0  0   0  0   1  0  0  0  0  0/0     6:13   0:00   0:00 
Sebastian Aho            1  0  1   0  0   4  1  0  0  0  17/31  23:32   6:06   0:46 
Tyler Johnson            0  0  0   0  0   1  1  0  0  0  1/1    22:48   6:06   0:39 

3 Stars

1 - Matthew Tkachuk (FLA)
2 - Dylan Larkin (FLA)
3 - Alex Ovechkin (FLA)

Power Play

Panthers - 0 on 1 Attempt(s) - 0,00%
MapleLeafs - 0 on 6 Attempt(s) - 0,00%

Penalty Kill

Panthers - 6 on 6 Attempt(s) - 100,00% - Score 0 goal in Penalty Kill
MapleLeafs - 1 on 1 Attempt(s) - 100,00% - Score 0 goal in Penalty Kill

Team Stat

Panthers - Hits : 19 - Faceoff Wins : 44 - Blocked Shots : 10 - Penalty Minutes : 14
MapleLeafs - Hits : 22 - Faceoff Wins : 36 - Blocked Shots : 7 - Penalty Minutes : 4

Official

Referees : Kendrick Nicholson and Wes McCauley
Linesman : Brendan Lewis and Jake Davis

Game Notes

Jimmy Howard enters game at 1:27 of 3rd period

Finance

Level 1 -- Attendance: 6500 (100,00%) -- Ticket Income 793 000 $
Level 2 -- Attendance: 3078 (61,56%) -- Ticket Income 369 360 $
Level 3 -- Attendance: 2626 (75,03%) -- Ticket Income 210 080 $
Level 4 -- Attendance: 2001 (70,98%) -- Ticket Income 120 060 $
Luxury Box -- Attendance: 889 (88,90%) -- Ticket Income 213 360 $
Game was played at the Air Canada Center.
Total Attendance: 15094 (80,21%)
Total Ticket Income: 1 705 860 $
Other Income: 835 871 $
Total Income: 2 541 731 $

% Time on Ice - Panthers

Lines # - Real PCT - Wanted PCT - Time Play
Normal Forward
1 - 32% - 33% - 14:32
2 - 32% - 33% - 14:32
3 - 25% - 24% - 11:13
4 - 11% - 10% - 5:13
Normal Defense
1 - 38% - 40% - 17:14
2 - 36% - 40% - 16:31
3 - 26% - 20% - 11:45
4 - 0% - 0% - 0:00
PP Forward
1 - 55% - 50% - 1:06
2 - 45% - 50% - 0:53
PP Defense
1 - 55% - 50% - 1:06
2 - 45% - 50% - 0:53
PK Forward
1 - 63% - 60% - 7:30
2 - 37% - 40% - 4:24
PK Defense
1 - 49% - 60% - 5:49
2 - 51% - 40% - 6:05
PK3 Forward
1 - 0% - 60%
2 - 0% - 40%
PK3 Defense
1 - 0% - 60%
2 - 0% - 40%
44 Forward
1 - 68% - 50% - 0:25
2 - 32% - 50% - 0:12
44 Defense
1 - 0% - 60% - 0:00
2 - 100% - 40% - 0:37
Last Minute Offensive  - 0:00
Last Minute Defensive  - 0:00
Total
Forward - 60:00
Defense - 60:00

% Time on Ice - MapleLeafs

Lines # - Real PCT - Wanted PCT - Time Play
Normal Forward
1 - 35% - 40% - 16:03
2 - 25% - 30% - 11:36
3 - 26% - 20% - 11:38
4 - 14% - 10% - 6:13
Normal Defense
1 - 37% - 40% - 17:02
2 - 30% - 30% - 13:41
3 - 28% - 20% - 12:52
4 - 4% - 10% - 1:55
PP Forward
1 - 51% - 60% - 6:06
2 - 49% - 40% - 5:48
PP Defense
1 - 53% - 60% - 6:20
2 - 47% - 40% - 5:34
PK Forward
1 - 67% - 60% - 1:20
2 - 33% - 40% - 0:39
PK Defense
1 - 54% - 60% - 1:04
2 - 46% - 40% - 0:55
PK3 Forward
1 - 0% - 60%
2 - 0% - 40%
PK3 Defense
1 - 0% - 60%
2 - 0% - 40%
44 Forward
1 - 100% - 60% - 0:37
2 - 0% - 40% - 0:00
44 Defense
1 - 32% - 60% - 0:12
2 - 68% - 40% - 0:25
Last Minute Offensive  - 0:00
Last Minute Defensive  - 0:00
Total
Forward - 60:00
Defense - 60:00

Play-by-Play

1st period


0:01 of 1st period - Aleksander Barkov wins face-off versus Sebastian Aho in neutral zone.
0:30 of 1st period - Shot by Nikita Kucherov.
0:30 of 1st period - Stopped by Braden Holtby with a rebound.
0:32 of 1st period - Shot by Quinn Hughes.
0:32 of 1st period - Shot Blocked by Anton Stralman.
0:48 of 1st period - Icing by Cody Ceci.
0:49 of 1st period - Dylan Larkin wins face-off versus Sebastian Aho in MapleLeafs zone.
0:49 of 1st period - Alex Ovechkin is hit by Cody Ceci.
0:56 of 1st period - Icing by Anton Stralman.
0:57 of 1st period - Sebastian Aho wins face-off versus Pierre-Luc Dubois in MapleLeafs zone.
0:57 of 1st period - Sebastian Aho is hit by Jean-Gabriel Pageau.
1:42 of 1st period - Minor Penalty to Ondrej Palat for Tripping.
1:43 of 1st period - Sebastian Aho wins face-off versus Jonathan Huberdeau in MapleLeafs zone.
1:58 of 1st period - Shot by Jonathan Huberdeau.
1:58 of 1st period - Shot Blocked by Joel Edmundson.
2:50 of 1st period - Shot by Alex Ovechkin.
2:50 of 1st period - Shot Misses the Net.
2:52 of 1st period - Shot by Colton Parayko.
2:52 of 1st period - Shot Misses the Net.
2:54 of 1st period - Shot by Samuel Girard.
2:54 of 1st period - Stopped by Braden Holtby without a rebound.
2:55 of 1st period - Alex Ovechkin wins face-off versus Jesper Bratt in MapleLeafs zone.
3:06 of 1st period - Shot by Alex Ovechkin.
3:06 of 1st period - Shot Misses the Net.
3:55 of 1st period - Shot by Zdeno Chara.
3:55 of 1st period - Shot Blocked by Radko Gudas.
4:50 of 1st period - Icing by Jeff Petry.
4:51 of 1st period - Jean-Gabriel Pageau wins face-off versus Jay Beagle in Panthers zone.
5:27 of 1st period - Icing by Jeff Petry.
5:28 of 1st period - Jean-Gabriel Pageau wins face-off versus Matt Duchene in Panthers zone.
5:28 of 1st period - Jean-Gabriel Pageau is hit by Kyle Okposo.
5:39 of 1st period - Minor Penalty to Alex Ovechkin for Slashing.
5:40 of 1st period - Derek Grant wins face-off versus Sebastian Aho in Panthers zone.
5:51 of 1st period - Shot by Tyler Johnson.
5:51 of 1st period - Shot Misses the Net.
6:16 of 1st period - Icing by Sebastian Aho.
6:17 of 1st period - Derek Grant wins face-off versus Sebastian Aho in MapleLeafs zone.
6:53 of 1st period - Shot by Mike Matheson.
6:53 of 1st period - Stopped by Corey Crawford with a rebound.
7:07 of 1st period - Shot by Mike Matheson.
7:07 of 1st period - Stopped by Corey Crawford without a rebound.
7:08 of 1st period - Sebastian Aho wins face-off versus Derek Grant in Panthers zone.
7:29 of 1st period - Shot by Sebastian Aho.
7:29 of 1st period - Stopped by Corey Crawford without a rebound.
7:30 of 1st period - Matt Duchene wins face-off versus Jean-Gabriel Pageau in Panthers zone.
7:30 of 1st period - Kyle Okposo is hit by Zdeno Chara and loses puck.
7:39 of 1st period - Shot by Ondrej Palat.
7:39 of 1st period - Shot Blocked by Dylan Larkin.
7:43 of 1st period - Shot by Jack Hughes.
7:43 of 1st period - Deflect By Jesper Bratt.
7:43 of 1st period - Stopped by Corey Crawford without a rebound.
7:44 of 1st period - Dylan Larkin wins face-off versus Jack Hughes in Panthers zone.
7:57 of 1st period - Dylan Larkin is hit by Jay Beagle and loses puck.
8:53 of 1st period - Shot by Quinn Hughes.
8:53 of 1st period - Stopped by Braden Holtby with a rebound.
8:55 of 1st period - Shot by Jeff Petry.
8:55 of 1st period - Stopped by Braden Holtby without a rebound.
8:56 of 1st period - Dustin Brown wins face-off versus Derek Grant in MapleLeafs zone.
9:16 of 1st period - Minor Penalty to Charlie McAvoy for Holding.
9:17 of 1st period - Matt Duchene wins face-off versus Derek Grant in Panthers zone.
9:21 of 1st period - Ondrej Palat is hit by Jeff Petry and loses puck.
10:23 of 1st period - Off-side.
10:24 of 1st period - Sebastian Aho wins face-off versus Derek Grant in neutral zone.
10:31 of 1st period - Shot by Sebastian Aho.
10:31 of 1st period - Shot Misses the Net.
10:33 of 1st period - Shot by Dustin Brown.
10:33 of 1st period - Stopped by Corey Crawford with a rebound.
10:46 of 1st period - Icing by Dustin Brown.
10:47 of 1st period - Sebastian Aho wins face-off versus Jean-Gabriel Pageau in MapleLeafs zone.
11:16 of 1st period - Shot by Ondrej Palat.
11:16 of 1st period - Stopped by Corey Crawford with a rebound.
11:53 of 1st period - Icing by Jesper Bratt.
11:54 of 1st period - Jay Beagle wins face-off versus Dylan Larkin in MapleLeafs zone.
11:59 of 1st period - Shot by Jesper Bratt.
11:59 of 1st period - Stopped by Corey Crawford without a rebound.
12:00 of 1st period - Dylan Larkin wins face-off versus Matt Duchene in Panthers zone.
12:00 of 1st period - Dylan Larkin is hit by Ondrej Palat.
12:16 of 1st period - Shot by Matthew Tkachuk.
12:16 of 1st period - Stopped by Braden Holtby with a rebound.
12:18 of 1st period - Shot by Matthew Tkachuk.
12:18 of 1st period - Stopped by Braden Holtby without a rebound.
12:19 of 1st period - Sebastian Aho wins face-off versus Aleksander Barkov in MapleLeafs zone.
12:42 of 1st period - Shot by Tyler Johnson.
12:42 of 1st period - Shot Blocked by Jonathan Huberdeau.
12:52 of 1st period - Shot by Dustin Brown.
12:52 of 1st period - Shot Misses the Net.
12:54 of 1st period - Shot by Joel Edmundson.
12:54 of 1st period - Shot Blocked by Nikita Kucherov.
13:17 of 1st period - Shot by Ondrej Palat.
13:17 of 1st period - Stopped by Corey Crawford without a rebound.
13:18 of 1st period - Dylan Larkin wins face-off versus Jay Beagle in Panthers zone.
13:37 of 1st period - Shot by Dylan Larkin.
13:37 of 1st period - Goal by Dylan Larkin - Panthers : 1 - MapleLeafs : 0.
13:38 of 1st period - Jean-Gabriel Pageau wins face-off versus Matt Duchene in neutral zone.
13:57 of 1st period - Shot by Ondrej Palat.
13:57 of 1st period - Shot Misses the Net.
14:05 of 1st period - Shot by Ondrej Palat.
14:05 of 1st period - Shot Misses the Net.
14:58 of 1st period - Shot by Dylan Larkin.
14:58 of 1st period - Shot Misses the Net.
15:00 of 1st period - Shot by Dylan Larkin.
15:00 of 1st period - Stopped by Braden Holtby without a rebound.
15:01 of 1st period - Jay Beagle wins face-off versus Aleksander Barkov in MapleLeafs zone.
15:54 of 1st period - Minor Penalty to Samuel Girard for Hooking.
15:55 of 1st period - Sebastian Aho wins face-off versus Derek Grant in Panthers zone.
16:08 of 1st period - Shot by Cody Ceci.
16:08 of 1st period - Stopped by Corey Crawford without a rebound.
16:09 of 1st period - Matt Duchene wins face-off versus Derek Grant in Panthers zone.
16:10 of 1st period - Shot by Ondrej Palat.
16:10 of 1st period - Deflect By Matt Duchene.
16:10 of 1st period - Shot Misses the Net.
16:12 of 1st period - Shot by Kyle Okposo.
16:12 of 1st period - Stopped by Corey Crawford with a rebound.
16:14 of 1st period - Shot by Joel Edmundson.
16:14 of 1st period - Stopped by Corey Crawford without a rebound.
16:15 of 1st period - Sebastian Aho wins face-off versus Derek Grant in Panthers zone.
16:18 of 1st period - Shot by Dustin Brown.
16:18 of 1st period - Shot Misses the Net.
16:30 of 1st period - Shot by Cody Ceci.
16:30 of 1st period - Shot Misses the Net.
17:09 of 1st period - Shot by Oskar Sundqvist.
17:09 of 1st period - Shot Misses the Net.
17:30 of 1st period - Icing by Joel Edmundson.
17:31 of 1st period - Jean-Gabriel Pageau wins face-off versus Matt Duchene in MapleLeafs zone.
17:34 of 1st period - Shot by Jean-Gabriel Pageau.
17:34 of 1st period - Shot Blocked by Mike Matheson.
18:14 of 1st period - Shot by Alex Ovechkin.
18:14 of 1st period - Goal by Alex Ovechkin - Panthers : 2 - MapleLeafs : 0.
18:15 of 1st period - Sebastian Aho wins face-off versus Aleksander Barkov in neutral zone.
18:24 of 1st period - Shot by Sebastian Aho.
18:24 of 1st period - Shot Misses the Net.
18:52 of 1st period - Off-side.
18:53 of 1st period - Roope Hintz wins face-off versus Dylan Larkin in neutral zone.
19:08 of 1st period - Shot by Mike Matheson.
19:08 of 1st period - Shot Misses the Net.
19:28 of 1st period - Icing by Samuel Blais.
19:29 of 1st period - Roope Hintz wins face-off versus Jean-Gabriel Pageau in MapleLeafs zone.
19:47 of 1st period - Off-side.
19:48 of 1st period - Aleksander Barkov wins face-off versus Sebastian Aho in neutral zone.
19:48 of 1st period - Aleksander Barkov is hit by Sebastian Aho.
Goals for this period are 2 for Panthers vs 0 for MapleLeafs.
Shots for this period are 9 for Panthers vs 11 for MapleLeafs.

2nd period


0:01 of 2nd period - Dylan Larkin wins face-off versus Sebastian Aho in neutral zone.
0:04 of 2nd period - Shot by Matthew Tkachuk.
0:04 of 2nd period - Stopped by Braden Holtby with a rebound.
0:14 of 2nd period - Minor Penalty to Alex Ovechkin for Cross-checking.
0:15 of 2nd period - Derek Grant wins face-off versus Matt Duchene in Panthers zone.
0:15 of 2nd period - Derek Grant is hit by Kyle Okposo.
1:52 of 2nd period - Shot by Matt Duchene.
1:52 of 2nd period - Stopped by Corey Crawford without a rebound.
1:53 of 2nd period - Matt Duchene wins face-off versus Jean-Gabriel Pageau in Panthers zone.
2:19 of 2nd period - Matt Duchene is hit by Colton Parayko and loses puck.
2:26 of 2nd period - Shot by Dylan Larkin.
2:26 of 2nd period - Shot Misses the Net.
2:28 of 2nd period - Shot by Dylan Larkin.
2:28 of 2nd period - Stopped by Braden Holtby with a rebound.
2:30 of 2nd period - Shot by Colton Parayko.
2:30 of 2nd period - Shot Misses the Net.
2:50 of 2nd period - Shot by Dylan Larkin.
2:50 of 2nd period - Shot Misses the Net.
3:30 of 2nd period - Icing by Jonathan Huberdeau.
3:31 of 2nd period - Aleksander Barkov wins face-off versus Sebastian Aho in Panthers zone.
3:31 of 2nd period - Aleksander Barkov is hit by Dustin Brown.
3:36 of 2nd period - Off-side.
3:37 of 2nd period - Jean-Gabriel Pageau wins face-off versus Sebastian Aho in neutral zone.
4:16 of 2nd period - Shot by Tyler Johnson.
4:16 of 2nd period - Stopped by Corey Crawford without a rebound.
4:17 of 2nd period - Matthew Tkachuk wins face-off versus Matt Duchene in Panthers zone.
4:19 of 2nd period - Icing by Jeff Petry.
4:20 of 2nd period - Kyle Okposo wins face-off versus Dylan Larkin in Panthers zone.
4:31 of 2nd period - Shot by Kyle Okposo.
4:31 of 2nd period - Shot Misses the Net.
4:33 of 2nd period - Shot by Joel Edmundson.
4:33 of 2nd period - Shot Misses the Net.
5:46 of 2nd period - Shot by Nikita Kucherov.
5:46 of 2nd period - Shot Misses the Net.
5:48 of 2nd period - Shot by Colton Parayko.
5:48 of 2nd period - Stopped by Braden Holtby without a rebound.
5:49 of 2nd period - Jean-Gabriel Pageau wins face-off versus Jay Beagle in MapleLeafs zone.
5:49 of 2nd period - Joel Armia is hit by Radko Gudas and loses puck.
6:24 of 2nd period - Shot by Jay Beagle.
6:24 of 2nd period - Shot Misses the Net.
6:43 of 2nd period - Icing by Cody Ceci.
6:44 of 2nd period - Dylan Larkin wins face-off versus Roope Hintz in MapleLeafs zone.
6:59 of 2nd period - Shot by Dylan Larkin.
6:59 of 2nd period - Shot Misses the Net.
7:09 of 2nd period - Shot by Dylan Larkin.
7:09 of 2nd period - Stopped by Braden Holtby without a rebound.
7:10 of 2nd period - Sebastian Aho wins face-off versus Aleksander Barkov in MapleLeafs zone.
7:23 of 2nd period - Shot by Sebastian Aho.
7:23 of 2nd period - Shot Misses the Net.
7:43 of 2nd period - Shot by Jonathan Huberdeau.
7:43 of 2nd period - Shot Blocked by Dustin Brown.
8:59 of 2nd period - Shot by Joel Armia.
8:59 of 2nd period - Shot Misses the Net.
9:19 of 2nd period - Shot by Joel Armia.
9:19 of 2nd period - Goal by Joel Armia - Panthers : 3 - MapleLeafs : 0.
9:20 of 2nd period - Roope Hintz wins face-off versus Derek Grant in neutral zone.
9:20 of 2nd period - Leo Komarov is hit by Derek Grant and loses puck.
9:37 of 2nd period - Shot by Derek Grant.
9:37 of 2nd period - Shot Misses the Net.
9:51 of 2nd period - Shot by Derek Grant.
9:51 of 2nd period - Deflect By Oskar Sundqvist.
9:51 of 2nd period - Shot Misses the Net.
10:26 of 2nd period - Shot by Sebastian Aho.
10:26 of 2nd period - Shot Misses the Net.
10:28 of 2nd period - Shot by Sebastian Aho.
10:28 of 2nd period - Shot Blocked by Jeff Petry.
10:30 of 2nd period - Shot by Dustin Brown.
10:30 of 2nd period - Shot Blocked by Jeff Petry.
10:32 of 2nd period - Shot by Sebastian Aho.
10:32 of 2nd period - Goal by Sebastian Aho - Panthers : 3 - MapleLeafs : 1.
10:33 of 2nd period - Dylan Larkin wins face-off versus Matt Duchene in neutral zone.
10:46 of 2nd period - Shot by Alex Ovechkin.
10:46 of 2nd period - Stopped by Braden Holtby without a rebound.
10:47 of 2nd period - Sebastian Aho wins face-off versus Jean-Gabriel Pageau in MapleLeafs zone.
10:47 of 2nd period - Sebastian Aho is hit by Joel Armia.
10:54 of 2nd period - Jeff Petry is hit by Tyler Johnson and loses puck.
11:47 of 2nd period - Shot by Alex Ovechkin.
11:47 of 2nd period - Deflect By Dylan Larkin.
11:47 of 2nd period - Stopped by Braden Holtby without a rebound.
11:48 of 2nd period - Aleksander Barkov wins face-off versus Matt Duchene in MapleLeafs zone.
11:51 of 2nd period - Shot by Aleksander Barkov.
11:51 of 2nd period - Stopped by Braden Holtby without a rebound.
11:52 of 2nd period - Aleksander Barkov wins face-off versus Ondrej Palat in MapleLeafs zone.
11:52 of 2nd period - Nikita Kucherov is hit by Cody Ceci and loses puck.
11:58 of 2nd period - Ondrej Palat is hit by Colton Parayko and loses puck.
12:11 of 2nd period - Shot by Ondrej Palat.
12:11 of 2nd period - Shot Misses the Net.
12:13 of 2nd period - Shot by Cody Ceci.
12:13 of 2nd period - Stopped by Corey Crawford without a rebound.
12:14 of 2nd period - Jay Beagle wins face-off versus Dylan Larkin in Panthers zone.
12:20 of 2nd period - Jack Hughes is hit by Jeff Petry and loses puck.
12:39 of 2nd period - Jay Beagle is hit by Jeff Petry and loses puck.
12:48 of 2nd period - Shot by Jack Hughes.
12:48 of 2nd period - Shot Hit the Post.
13:03 of 2nd period - Dylan Larkin is hit by Cody Ceci.
13:18 of 2nd period - Nikita Kucherov is hit by Cody Ceci and loses puck.
13:21 of 2nd period - Shot by Jonathan Huberdeau.
13:21 of 2nd period - Stopped by Braden Holtby without a rebound.
13:22 of 2nd period - Sebastian Aho wins face-off versus Jean-Gabriel Pageau in MapleLeafs zone.
13:24 of 2nd period - Icing by Tyler Johnson.
13:25 of 2nd period - Aleksander Barkov wins face-off versus Sebastian Aho in MapleLeafs zone.
14:35 of 2nd period - Shot by Charlie McAvoy.
14:35 of 2nd period - Shot Misses the Net.
15:12 of 2nd period - Icing by Quinn Hughes.
15:13 of 2nd period - Jay Beagle wins face-off versus Dylan Larkin in Panthers zone.
15:38 of 2nd period - Shot by Dylan Larkin.
15:38 of 2nd period - Shot Misses the Net.
16:17 of 2nd period - Icing by Jay Beagle.
16:18 of 2nd period - Derek Grant wins face-off versus Jay Beagle in MapleLeafs zone.
16:53 of 2nd period - Shot by Derek Grant.
16:53 of 2nd period - Deflect By Oskar Sundqvist.
16:53 of 2nd period - Shot Misses the Net.
17:16 of 2nd period - Shot by Nikita Kucherov.
17:16 of 2nd period - Shot Blocked by Joel Edmundson.
17:44 of 2nd period - Shot by Nikita Kucherov.
17:44 of 2nd period - Shot Misses the Net.
18:41 of 2nd period - Quinn Hughes is hit by Cody Ceci.
18:51 of 2nd period - Jean-Gabriel Pageau is hit by Dustin Brown and loses puck.
Goals for this period are 1 for Panthers vs 1 for MapleLeafs.
Shots for this period are 9 for Panthers vs 4 for MapleLeafs.

3rd period


0:01 of 3rd period - Sebastian Aho wins face-off versus Aleksander Barkov in neutral zone.
0:01 of 3rd period - Anton Stralman is hit by Nikita Kucherov and loses puck.
0:47 of 3rd period - Icing by Colton Parayko.
0:48 of 3rd period - Aleksander Barkov wins face-off versus Matt Duchene in Panthers zone.
1:03 of 3rd period - Shot by Matthew Tkachuk.
1:03 of 3rd period - Shot Misses the Net.
1:05 of 3rd period - Shot by Jeff Petry.
1:05 of 3rd period - Shot Misses the Net.
1:27 of 3rd period - Shot by Matthew Tkachuk.
1:27 of 3rd period - Goal by Matthew Tkachuk - Panthers : 4 - MapleLeafs : 1.
1:27 of 3rd period - Jimmy Howard enters game.
1:28 of 3rd period - Roope Hintz wins face-off versus Jean-Gabriel Pageau in neutral zone.
1:37 of 3rd period - Shot by Roope Hintz.
1:37 of 3rd period - Shot Misses the Net.
1:53 of 3rd period - Shot by Leo Komarov.
1:53 of 3rd period - Stopped by Corey Crawford without a rebound.
1:54 of 3rd period - Tyler Johnson wins face-off versus Derek Grant in Panthers zone.
1:56 of 3rd period - Sebastian Aho is hit by Jeff Petry and loses puck.
2:20 of 3rd period - Oskar Sundqvist is hit by Anton Stralman and loses puck.
2:56 of 3rd period - Icing by Mike Matheson.
2:57 of 3rd period - Dylan Larkin wins face-off versus Ondrej Palat in MapleLeafs zone.
3:08 of 3rd period - Shot by Matt Duchene.
3:08 of 3rd period - Shot Blocked by Zdeno Chara.
3:10 of 3rd period - Shot by Ondrej Palat.
3:10 of 3rd period - Stopped by Corey Crawford with a rebound.
3:12 of 3rd period - Shot by Matt Duchene.
3:12 of 3rd period - Shot Misses the Net.
3:14 of 3rd period - Shot by Mike Matheson.
3:14 of 3rd period - Shot Misses the Net.
3:16 of 3rd period - Shot by Kyle Okposo.
3:16 of 3rd period - Shot Misses the Net.
3:21 of 3rd period - Ondrej Palat is hit by Zdeno Chara and loses puck.
3:40 of 3rd period - Icing by Charlie McAvoy.
3:41 of 3rd period - Roope Hintz wins face-off versus Dylan Larkin in Panthers zone.
3:50 of 3rd period - Shot by Roope Hintz.
3:50 of 3rd period - Stopped by Corey Crawford without a rebound.
3:51 of 3rd period - Sebastian Aho wins face-off versus Aleksander Barkov in Panthers zone.
3:58 of 3rd period - Shot by Sebastian Aho.
3:58 of 3rd period - Shot Blocked by Colton Parayko.
4:00 of 3rd period - Shot by Anton Stralman.
4:00 of 3rd period - Stopped by Corey Crawford with a rebound.
4:08 of 3rd period - Dustin Brown is hit by Nikita Kucherov and loses puck.
4:29 of 3rd period - Shot by Sebastian Aho.
4:29 of 3rd period - Deflect By Dustin Brown.
4:29 of 3rd period - Stopped by Corey Crawford without a rebound.
4:30 of 3rd period - Jean-Gabriel Pageau wins face-off versus Matt Duchene in Panthers zone.
4:30 of 3rd period - Jean-Gabriel Pageau is hit by Ondrej Palat.
5:04 of 3rd period - Jean-Gabriel Pageau is hit by Kyle Okposo and loses puck.
5:30 of 3rd period - Minor Penalty to Charlie McAvoy for Goalie Interference.
5:31 of 3rd period - Derek Grant wins face-off versus Sebastian Aho in Panthers zone.
5:56 of 3rd period - Shot by Anton Stralman.
5:56 of 3rd period - Shot Misses the Net.
5:58 of 3rd period - Shot by Cody Ceci.
5:58 of 3rd period - Shot Misses the Net.
6:35 of 3rd period - Icing by Mike Matheson.
6:36 of 3rd period - Derek Grant wins face-off versus Matt Duchene in MapleLeafs zone.
7:23 of 3rd period - Shot by Anton Stralman.
7:23 of 3rd period - Stopped by Corey Crawford without a rebound.
7:24 of 3rd period - Jean-Gabriel Pageau wins face-off versus Matt Duchene in Panthers zone.
7:24 of 3rd period - Joel Armia is hit by Ondrej Palat and loses puck.
7:46 of 3rd period - Minor Penalty to Colton Parayko for Hooking.
7:47 of 3rd period - Jean-Gabriel Pageau wins face-off versus Kyle Okposo in Panthers zone.
8:22 of 3rd period - Icing by Cody Ceci.
8:23 of 3rd period - Matt Duchene wins face-off versus Aleksander Barkov in MapleLeafs zone.
8:54 of 3rd period - Shot by Dustin Brown.
8:54 of 3rd period - Shot Blocked by Quinn Hughes.
9:06 of 3rd period - Shot by Sebastian Aho.
9:06 of 3rd period - Deflect By Dustin Brown.
9:06 of 3rd period - Shot Misses the Net.
9:50 of 3rd period - Icing by Colton Parayko.
9:51 of 3rd period - Dylan Larkin wins face-off versus Roope Hintz in Panthers zone.
9:51 of 3rd period - Dylan Larkin is hit by Leo Komarov.
9:58 of 3rd period - Matthew Tkachuk is hit by Radko Gudas and loses puck.
10:02 of 3rd period - Icing by Ryan Murray.
10:03 of 3rd period - Aleksander Barkov wins face-off versus Roope Hintz in MapleLeafs zone.
10:10 of 3rd period - Shot by Roope Hintz.
10:10 of 3rd period - Goal by Roope Hintz - Panthers : 4 - MapleLeafs : 2.
10:11 of 3rd period - Aleksander Barkov wins face-off versus Jay Beagle in neutral zone.
10:58 of 3rd period - Jonathan Huberdeau is hit by Jay Beagle and loses puck.
11:09 of 3rd period - Shot by Dustin Brown.
11:09 of 3rd period - Stopped by Corey Crawford with a rebound.
11:23 of 3rd period - Shot by Sebastian Aho.
11:23 of 3rd period - Stopped by Corey Crawford with a rebound.
13:05 of 3rd period - Shot by Pierre-Luc Dubois.
13:05 of 3rd period - Stopped by Jimmy Howard with a rebound.
13:07 of 3rd period - Shot by Joel Armia.
13:07 of 3rd period - Stopped by Jimmy Howard without a rebound.
13:08 of 3rd period - Derek Grant wins face-off versus Jay Beagle in MapleLeafs zone.
13:11 of 3rd period - Shot by Matt Calvert.
13:11 of 3rd period - Shot Misses the Net.
13:16 of 3rd period - Jack Hughes is hit by Matt Calvert and loses puck.
13:23 of 3rd period - Shot by Jesper Bratt.
13:23 of 3rd period - Stopped by Corey Crawford without a rebound.
13:24 of 3rd period - Jean-Gabriel Pageau wins face-off versus Roope Hintz in Panthers zone.
13:34 of 3rd period - Shot by Anton Stralman.
13:34 of 3rd period - Shot Misses the Net.
13:51 of 3rd period - Cody Ceci is hit by Jeff Petry and loses puck.
13:54 of 3rd period - Shot by Samuel Blais.
13:54 of 3rd period - Shot Blocked by Jeff Petry.
13:56 of 3rd period - Shot by Samuel Blais.
13:56 of 3rd period - Stopped by Corey Crawford without a rebound.
13:57 of 3rd period - Sebastian Aho wins face-off versus Dylan Larkin in Panthers zone.
14:05 of 3rd period - Icing by Charlie McAvoy.
14:06 of 3rd period - Dylan Larkin wins face-off versus Sebastian Aho in Panthers zone.
14:31 of 3rd period - Shot by Matthew Tkachuk.
14:31 of 3rd period - Goal by Matthew Tkachuk - Panthers : 5 - MapleLeafs : 2.
14:32 of 3rd period - Matt Duchene wins face-off versus Aleksander Barkov in neutral zone.
15:02 of 3rd period - Kyle Okposo is hit by Colton Parayko.
15:08 of 3rd period - Shot by Ondrej Palat.
15:08 of 3rd period - Stopped by Corey Crawford with a rebound.
15:31 of 3rd period - Mike Matheson is hit by Colton Parayko and loses puck.
15:36 of 3rd period - Shot by Sebastian Aho.
15:36 of 3rd period - Stopped by Corey Crawford without a rebound.
15:37 of 3rd period - Dylan Larkin wins face-off versus Jay Beagle in Panthers zone.
15:39 of 3rd period - Icing by Alex Ovechkin.
15:40 of 3rd period - Jay Beagle wins face-off versus Dylan Larkin in Panthers zone.
15:51 of 3rd period - Shot by Jesper Bratt.
15:51 of 3rd period - Shot Misses the Net.
16:07 of 3rd period - Shot by Alex Ovechkin.
16:07 of 3rd period - Stopped by Jimmy Howard without a rebound.
16:08 of 3rd period - Sebastian Aho wins face-off versus Pierre-Luc Dubois in MapleLeafs zone.
16:08 of 3rd period - Sebastian Aho is hit by Pierre-Luc Dubois.
16:41 of 3rd period - Sebastian Aho is hit by Zdeno Chara and loses puck.
17:21 of 3rd period - Off-side.
17:22 of 3rd period - Dylan Larkin wins face-off versus Jay Beagle in neutral zone.
17:46 of 3rd period - Shot by Jack Hughes.
17:46 of 3rd period - Shot Blocked by Matthew Tkachuk.
17:48 of 3rd period - Shot by Jay Beagle.
17:48 of 3rd period - Shot Misses the Net.
17:50 of 3rd period - Shot by Jesper Bratt.
17:50 of 3rd period - Stopped by Corey Crawford without a rebound.
17:51 of 3rd period - Aleksander Barkov wins face-off versus Roope Hintz in Panthers zone.
18:06 of 3rd period - Shot by Nikita Kucherov.
18:06 of 3rd period - Stopped by Jimmy Howard without a rebound.
18:07 of 3rd period - Sebastian Aho wins face-off versus Derek Grant in MapleLeafs zone.
18:44 of 3rd period - Derek Grant is hit by Dustin Brown and loses puck.
19:22 of 3rd period - Minor Penalty to Kyle Okposo for Hooking.
19:22 of 3rd period - Minor Penalty to Alex Ovechkin for Slashing.
19:23 of 3rd period - Dylan Larkin wins face-off versus Sebastian Aho in neutral zone.
19:42 of 3rd period - Shot by Aleksander Barkov.
19:42 of 3rd period - Stopped by Jimmy Howard without a rebound.
19:43 of 3rd period - Dylan Larkin wins face-off versus Sebastian Aho in MapleLeafs zone.
19:50 of 3rd period - Shot by Nikita Kucherov.
19:50 of 3rd period - Shot Misses the Net.
19:52 of 3rd period - Shot by Nikita Kucherov.
19:52 of 3rd period - Shot Blocked by Cody Ceci.
19:54 of 3rd period - Shot by Zdeno Chara.
19:54 of 3rd period - Stopped by Jimmy Howard without a rebound.
19:55 of 3rd period - Aleksander Barkov wins face-off versus Sebastian Aho in MapleLeafs zone.
Goals for this period are 2 for Panthers vs 1 for MapleLeafs.
Shots for this period are 8 for Panthers vs 14 for MapleLeafs.